 Dungeon Crawl Stone Soup version 0.20.1-1-g8b1a95d (webtiles) character file.

19999 letownia2 the Reanimator (level 12, 77/102 (103) HPs)
             Began as a Deep Dwarf Necromancer on Nov 28, 2017.
             Was an Initiate of Gozag.
             Quit the game on level 2 of the Lair of Beasts.
             The game lasted 00:50:50 (14268 turns).

letownia2 the Reanimator (Deep Dwarf Necromancer)  Turns: 14268, Time: 00:50:50

HP:   77/102 (103)  AC: 11    Str: 16    XL:     12   Next: 41%
MP:   25/25         EV: 11    Int: 17    God:    Gozag
Gold: 274           SH:  0    Dex: 17    Spells: 12/29 levels left

rFire    + . .     SeeInvis .   a - +2 whip (venom)
rCold    . . .     Gourm    .   (no shield)
rNeg     . . .     Faith    .   w - +0 ring mail
rPois    .         Spirit   .   l - +1 helmet
rElec    .         Reflect  .   (no cloak)
rCorr    .         Harm     .   k - +0 pair of gloves
MR       +....                  T - +2 pair of boots
Stlth    ++........             (no amulet)
Regen    0.0/turn               I - +4 ring of dexterity
MPRegen  0.2/turn               C - ring of protection from fire

@: non-regenerating
A: damage resistance, heal wounds, sense surroundings 2, no regeneration
a: Heal Wounds, Potion Petition, Call Merchant, Bribe Branch, Renounce Religion


You were on level 2 of the Lair of Beasts.
You worshipped Gozag.
Gozag was aware of your devotion.
You were not hungry.

You visited 4 branches of the dungeon, and saw 17 of its levels.

You collected 3597 gold pieces.
You paid 3323 gold pieces to Gozag.

Inventory:

Hand Weapons
 a - a +2 whip of venom (weapon)
 b - a +3 flail of holy wrath
 c - a +0 blowgun
 d - the +2 mace of Qolyegirou {holy, rElec rF+ MR- Int+3}
   (You found it on level 8 of the Dungeon)

   It has been blessed by the Shining One to cause great damage to the undead
   and demons.
   It affects your intelligence (+3).
   It protects you from fire.
   It insulates you from electricity.
   It affects your resistance to hostile enchantments.
 r - a +0 broad axe
 F - a +1 mace of draining
 O - a +0 spear of venom
 V - a +2 flail of protection
Missiles
 f - a throwing net (quivered)
 Y - 9 poisoned needles
Armour
 k - a +0 pair of gloves (worn)
 l - a +1 helmet (worn)
 w - a +0 ring mail (worn)
 T - a +2 pair of boots (worn)
Magical Staves
 y - an uncursed staff of poison
Jewellery
 C - a ring of protection from fire (right hand)
 I - a +4 ring of dexterity (left hand)
Wands
 g - a wand of polymorph (12/24)
 v - a wand of flame (17/48)
 B - a wand of lightning (0/15)
 D - a wand of iceblast (8/15)
 J - a wand of confusion (28/48)
Scrolls
 e - a scroll of fog
 i - a scroll of identify
 j - a scroll of amnesia
 n - 5 scrolls of teleportation
 L - a scroll of fear {unknown}
 P - a scroll of acquirement {unknown}
 Z - 3 scrolls of magic mapping
Potions
 h - a potion of agility
 o - 4 potions of lignification {unknown}
 p - 2 potions of cancellation {unknown}
 q - a potion of berserk rage
 t - 2 potions of might
 x - 2 potions of haste {unknown}
 z - 4 potions of curing {unknown}
 H - a potion of brilliance
 M - 2 potions of flight
 N - a potion of heal wounds {unknown}
 Q - 3 potions of mutation
 U - 2 potions of ambrosia {unknown}
Books
 m - a book of the Sky

   Spells                             Type                      Level
   a - Summon Lightning Spire         Summoning/Air                4
   b - Silence                        Hexes/Air                    5
   c - Deflect Missiles               Charms/Air                   6
   d - Conjure Ball Lightning         Conjuration/Air              6
   e - Tornado                        Air                          9
Comestibles
 s - a royal jelly
 R - 4 meat rations
 S - 7 fruits
 X - 8 bread rations


   Skills:
 - Level 5.2 Fighting
 + Level 7.7 Axes
 - Level 2.1 Armour
 - Level 2.1 Dodging
 - Level 2.4 Stealth
 - Level 9.1 Spellcasting
 - Level 3.8 Conjurations
 + Level 13.0 Necromancy
 - Level 2.3 Translocations
 - Level 2.2 Fire Magic
 - Level 3.4 Air Magic
 - Level 3.7 Poison Magic
 - Level 5.8 Evocations


You had 12 spell levels left.
You knew the following spells:

 Your Spells              Type           Power        Failure   Level  Hunger
a - Pain                  Necr           ####         1%          1    None
b - Blink                 Tloc           N/A          10%         2    None
c - Conjure Flame         Conj/Fire      ###.....     14%         3    None
e - Mephitic Cloud        Conj/Pois/Air  ###.....     12%         3    None
i - Silence               Hex/Air        ##........   93%         5    #####..
v - Vampiric Draining     Necr           ######....   1%          3    None


Dungeon Overview and Level Annotations

Branches:
Dungeon (12/15)            Temple (1/1) D:4            Lair (2/6) D:10
    Orc (2/2) D:12
  Swamp: Lair:2-4    Shoals: Lair:2-4     Snake: Lair:2-4    Spider: Lair:2-4
    Elf: Orc:2

Altars:
Ashenzari
Cheibriados
Dithmenos
Elyvilon
Fedhas
Gozag
Hepliaklqana
Kikubaaqudgha
Makhleb
Nemelex Xobeh
Okawaru
Qazlal
Ru
Sif Muna
Trog
Uskayaw
Vehumet
Xom
Yredelemnul
Zin
The Shining One

Shops:
D:6 [   D:7 [(   D:10 (   Orc:1 =   Lair:2 [

Annotations:
D:3 Vourdeox's ghost, weakling DsAK
D:4 letownia2's ghost, amateur DDNe
D:9 1 exclusion
D:12 Doomer's ghost, novice MiFi


Innate Abilities, Weirdness & Mutations

You are resistant to damage.
You can heal yourself by infusing magical energy.
You passively map the area around you.
You do not regenerate.


Message History

You can't see any susceptible monsters within range! (Use Z to cast anyway.)
You now have 1464 gold pieces (gained 4).
There is a staircase back to the Dungeon here.
There is a stone staircase leading down here.
You climb downwards.
Found 29 bolts.
There is a stone staircase leading up here.
Unknown command.
Found a brown potion.
Found 2 curare-tipped needles. [a] 980 gold - Moenodaf's Food Emporium [b] 1190 gold - Neidae's Armour Shop [c] 1260 gold - Iteacres's Book Shoppe [d] 1384 gold - Kamnihad's Assorted Antiques Fund which merchant?
You no longer have enough gold to fund merchants seeking to open stores in the dungeon.
Neidae invites you to visit its Armour Shop.
Put on which piece of jewellery? (? for menu, Esc to quit)
Okay, then.
Are you sure you want to abandon this character and quit the game? (Confirm with "yes".)

, , * * * , ,.. ,
#.# , , * ... , ,
** * # , #.#####
,**, * #.#
##...(. ,, , ,
,#.#..##!.P.###.*
, , ,*
............... *
* , ..#(..@..# ,
* .......#.## , *
* * .#.#.##..## *
* * , * #....#.##
, , * ,
#..P.###<# ,** ,$
, ......
#.#.....# ** *
##.##. ##,##.###
* , ##*#, * # * ,
$ , , * *


There were no monsters in sight!

Vanquished Creatures
  The ghost of vuolankoinen the Covert, a journeyman OpEn of Elyvilon (Lair:1)
  4 hydras
  3 two-headed ogres
  Pikel (D:7)
  An ugly thing (D:12)
  A black mamba (Lair:1)
  A gargoyle (D:11)
  A spiny frog (Lair:1)
  A centaur skeleton (D:12)
  A kobold demonologist (D:8)
  A komodo dragon (Lair:1)
  5 trolls
  Prince Ribbit (D:6)
  A meliai zombie (D:11)
  3 hippogriffs
  2 wraiths
  A wyvern (D:12)
  9 yaks
  3 vampire mosquitoes (D:12)
  A human (D:8)
  A steam dragon (D:10)
  2 basilisks
  A hungry ghost (D:11)
  Menkaure (D:7)
  2 hell hounds (D:10)
  3 porcupines (Lair:1)
  Duvessa (D:7)
  3 black bears
  3 sky beasts
  4 slaves
  4 ice beasts
  8 orc warriors
  2 eyes of draining (D:11)
  4 phantoms
  2 necrophages
  8 ogres
  2 crocodiles (Lair:1)
  3 centaurs
  2 big kobolds
  5 bullfrogs
  3 gnoll sergeants
  A wyvern zombie (D:7)
  Dowan (D:7)
  A water moccasin zombie (D:10)
  A water moccasin skeleton (D:6)
  4 killer bees (D:5)
  8 wights
  2 bullfrog zombies
  6 crimson imps
  A centaur zombie (D:6)
  A gnoll shaman (D:8)
  8 orc priests
  4 hounds
  2 bullfrog skeletons (D:6)
  7 iguanas
  11 orc wizards
  2 hell rats (D:8)
  14 worker ants
  3 hound zombies
  3 hound skeletons
  6 worker ant zombies
  12 gnolls
  23 adders
  9 river rats (D:8)
  A shadow imp (D:5)
  An adder zombie (D:6)
  2 adder skeletons
  A dart slug (D:2)
  8 leopard geckos
  42 orcs
  2 ball pythons
  5 giant cockroaches
  10 goblins
  9 hobgoblins
  11 jackals
  7 quokkas
  4 bats
  2 frilled lizards
  A goblin skeleton (D:6)
  5 goblin zombies
  A hobgoblin zombie (D:6)
  10 kobolds
  A kobold zombie (D:6)
  A leopard gecko zombie (D:5)
  An orc skeleton (D:6)
  An orc zombie (D:6)
  20 rats
382 creatures vanquished.

Vanquished Creatures (others)
  A fungus (Lair:1)
1 creature vanquished.

Grand Total: 383 creatures vanquished

Notes
Turn   | Place    | Note
-------+----------+-------------------------------------------
     0 | D:1      | letownia2 the Deep Dwarf Necromancer began the quest for the Orb.
     0 | D:1      | Reached XP level 1. HP: 15/15 MP: 3/3
   249 | D:1      | Reached XP level 2. HP: 14/22 MP: 0/5
   318 | D:2      | Reached skill level 5 in Necromancy
   538 | D:4      | Reached XP level 3. HP: 18/28 MP: 0/6
   556 | D:4      | Learned a level 3 spell: Vampiric Draining
   575 | D:4      | Noticed letownia2's ghost (amateur DDNe)
   715 | D:4      | Found a blossoming altar of Fedhas.
   715 | D:4      | Found a stormy altar of Qazlal.
   719 | D:4      | Reached skill level 6 in Necromancy
   719 | D:4      | Reached XP level 4. HP: 25/36 MP: 0/7
   880 | D:4      | Found a staircase to the Ecumenical Temple.
   890 | Temple   | Entered the Ecumenical Temple
   898 | Temple   | Became a worshipper of Gozag Ym Sagoz the Greedy
   960 | D:4      | Reached XP level 5. HP: 31/42 MP: 4/8
  1168 | D:5      | Entered Level 5 of the Dungeon
  1169 | D:5      | Noticed a sky beast
  1174 | D:5      | Noticed a centaur
  1300 | D:3      | Killed a sky beast
  1445 | D:3      | Noticed Vourdeox's ghost (weakling DsAK)
  1556 | D:2      | Found a shimmering altar of Xom.
  1573 | D:2      | Reached XP level 6. HP: 38/49 MP: 2/11
  1730 | D:2      | Found an ancient bone altar of Kikubaaqudgha.
  2339 | D:1      | Found a shattered altar of Ashenzari.
  2477 | D:1      | Reached skill level 1 in Armour
  3151 | D:3      | Reached skill level 1 in Fighting
  3789 | D:5      | Reached skill level 7 in Necromancy
  3789 | D:5      | Reached XP level 7. HP: 49/57 MP: 7/13
  4102 | D:5      | Reached skill level 8 in Necromancy
  4112 | D:5      | Reached skill level 1 in Evocations
  4296 | D:5      | Found a glowing silver altar of Zin.
  4312 | D:5      | Reached skill level 9 in Necromancy
  4312 | D:5      | Reached XP level 8. HP: 41/64 MP: 1/14
  4400 | D:5      | Found a basalt altar of Yredelemnul.
  4718 | D:6      | Found a glowing golden altar of the Shining One.
  4743 | D:6      | Reached skill level 5 in Spellcasting
  4863 | D:6      | Found a stormy altar of Qazlal.
  4872 | D:6      | Noticed Prince Ribbit
  4885 | D:6      | Killed Prince Ribbit
  5346 | D:7      | Noticed Duvessa
  5348 | D:7      | Noticed Dowan
  5379 | D:7      | Killed Duvessa
  5379 | D:7      | Gained mutation: You passively map the area around you. [Deep Dwarf growth]
  5379 | D:7      | Reached XP level 9. HP: 26/70 MP: 2/19
  5381 | D:7      | Killed Dowan
  5457 | D:7      | Noticed Pikel
  6015 | D:7      | Found Guerphu's Antique Weapon Shop.
  6113 | D:7      | Noticed Menkaure
  6127 | D:8      | Found a runed door.
  6137 | D:8      | Found a basalt altar of Yredelemnul.
  6172 | D:8      | Noticed a two-headed ogre
  6199 | D:8      | Killed a two-headed ogre
  6274 | D:8      | Found a hide-covered altar of Uskayaw.
  6276 | D:8      | Found a shattered altar of Ashenzari.
  6278 | D:8      | Found a sparkling altar of Nemelex Xobeh.
  6304 | D:8      | Noticed a kobold demonologist
  6310 | D:8      | Killed a kobold demonologist
  6348 | D:8      | Got a brightly glowing mace
  6359 | D:8      | Got a faintly humming leather armour
  6370 | D:8      | Identified the +0 leather armour of the First Snow {Str+4} (You found it on level 8 of the Dungeon)
  6384 | D:8      | Identified the +2 mace of Qolyegirou {holy, rElec rF+ MR- Int+3} (You found it on level 8 of the Dungeon)
  6924 | D:8      | Reached skill level 5 in Evocations
  7237 | D:7      | Killed Menkaure
  7251 | D:7      | Reached XP level 10. HP: 52/82 MP: 12/23
  7266 | D:7      | Found Qualof's Armour Emporium.
  7580 | D:9      | Noticed a two-headed ogre
  7595 | D:9      | Killed a two-headed ogre
  7595 | D:9      | Reached skill level 10 in Necromancy
  7975 | D:9      | Found a snail-covered altar of Cheibriados.
  8060 | D:9      | Reached skill level 5 in Fighting
  8235 | D:9      | Reached skill level 11 in Necromancy
  8438 | D:10     | Entered Level 10 of the Dungeon
  8730 | D:10     | Reached skill level 1 in Axes
  9324 | D:10     | Found a staircase to the Lair.
  9876 | D:11     | Reached XP level 11. HP: 46/95 MP: 14/24
  9934 | D:11     | Noticed a two-headed ogre
 10533 | D:11     | Killed a two-headed ogre
 10533 | D:11     | Reached skill level 5 in Axes
 10533 | D:11     | Reached skill level 12 in Necromancy
 11062 | D:12     | Noticed a seven-headed hydra
 11065 | D:12     | Killed a seven-headed hydra
 11318 | D:7      | Killed Pikel
 11344 | D:7      | Learned a level 2 spell: Blink
 11348 | D:7      | Learned a level 3 spell: Conjure Flame
 11352 | D:7      | Learned a level 3 spell: Mephitic Cloud
 11493 | D:12     | Noticed an eight-headed hydra
 11496 | D:12     | Killed an eight-headed hydra
 11496 | D:12     | Reached skill level 1 in Conjurations
 11496 | D:12     | Reached skill level 1 in Translocations
 11496 | D:12     | Reached skill level 1 in Fire Magic
 11496 | D:12     | Reached skill level 1 in Poison Magic
 11500 | D:12     | Noticed a white ugly thing
 11509 | D:12     | Killed a white ugly thing
 11509 | D:12     | Reached skill level 1 in Air Magic
 11662 | D:12     | Found a staircase to the Orcish Mines.
 11839 | D:11     | Noticed a two-headed ogre
 12313 | D:12     | Noticed Doomer's ghost (novice MiFi)
 12397 | D:12     | Reached XP level 12. HP: 69/102 MP: 1/25
 12993 | D:12     | Noticed a six-headed hydra
 13000 | D:12     | Killed a six-headed hydra
 13062 | Orc:1    | Entered Level 1 of the Orcish Mines
 13309 | Orc:2    | Entered Level 2 of the Orcish Mines
 13309 | Orc:2    | Noticed a two-headed ogre
 13428 | Lair:1   | Entered Level 1 of the Lair of Beasts
 13508 | Lair:1   | Noticed vuolankoinen's ghost (journeyman OpEn)
 13525 | Lair:1   | Killed vuolankoinen's ghost
 13545 | Lair:1   | Noticed a seven-headed hydra
 13576 | Lair:1   | Killed a seven-headed hydra
 13982 | Lair:1   | Reached skill level 13 in Necromancy
 14122 | Lair:1   | Learned a level 5 spell: Silence
 14268 | Lair:2   | Quit the game

Skill      XL: |  1  2  3  4  5  6  7  8  9 10 11 12 |
---------------+-------------------------------------+-----
Spellcasting   | 2 3 4 7 9 |  9.1
Necromancy     | 5 6 7 9 11 12 13 | 13.0
Armour         | 2 |  2.1
Fighting       | 1 2 5 |  5.2
Evocations     | 3 5 |  5.8
Axes           | 4 7 |  7.7
Conjurations   | 2 3 |  3.8
Translocations | 2 |  2.3
Fire Magic     | 2 |  2.2
Poison Magic   | 2 3 |  3.7
Air Magic      | 2 3 |  3.4
Dodging        | |  2.1
Stealth        | |  2.4

Action                   |  1- 3 |  4- 6 |  7- 9 | 10-12 || total
-------------------------+-------+-------+-------+-------++-------
Melee: Unarmed           |    10 |       |       |       ||    10
       Flail             |       |    20 |   182 |   129 ||   331
       Short sword       |       |       |   118 |    80 ||   198
       Spear             |       |       |    13 |       ||    13
       Mace              |       |       |       |    30 ||    30
       Whip              |       |       |       |   118 ||   118
Throw: Tomahawk          |       |       |     5 |    14 ||    19
 Cast: Pain              |    42 |   116 |    34 |    21 ||   213
       Vampiric Draining |     1 |    14 |    82 |   255 ||   352
       Conjure Flame     |       |       |       |     7 ||     7
Invok: Call Merchant     |       |       |     1 |     3 ||     4
Evoke: Wand              |       |       |     6 |    56 ||    62
  Use: Scroll            |       |       |     7 |    16 ||    23
 Stab: Distracted        |       |     1 |     3 |     1 ||     5
       Sleeping          |       |       |     3 |       ||     3
       Confused          |       |       |       |     1 ||     1
  Eat: Chunk             |       |     1 |       |     3 ||     4
       Bread ration      |       |     1 |       |       ||     1
       Meat ration       |       |     1 |     2 |       ||     3
       Royal jelly       |       |       |     1 |     3 ||     4
       Fruit             |       |       |    10 |    12 ||    22
Armor: Robe              |     1 |       |       |       ||     1
       Leather armour    |     1 |     7 |       |       ||     8
       Ring mail         |       |    39 |   125 |   239 ||   403
Dodge: Dodged            |    20 |    81 |   217 |   393 ||   711
